 Dungeon Crawl Stone Soup version 0.19-a0-975-gfff5315 (webtiles) character file.

162 HAL9000 the Ruffian (level 5, -11/40 HPs)
             Began as a Draconian Transmuter on July 13, 2016.
             Mangled by Crazy Yiuf
             ... wielding a +2 quarterstaff of chaos
              (15 damage)
             ... on level 3 of the Dungeon.
             The game lasted 00:06:00 (2644 turns).

HAL9000 the Ruffian (Draconian Transmuter)          Turns: 2644, Time: 00:06:01

Health: -11/40     AC:  2    Str: 13    XL:     5   Next: 19%
Magic:  1/8        EV: 19    Int: 14    God:
Gold:   132        SH:  0    Dex: 16    Spells: 3 memorised, 2 levels left

rFire  + . .     SeeInvis .       - Unarmed
rCold  x . .     Gourm    .     (armour unavailable)
rNeg   . . .     Faith    .     (shield currently unavailable)
rPois  x         Spirit   .     (helmet currently unavailable)
rElec  .         Dismiss  .     (cloak currently unavailable)
rCorr  .         Reflect  .     (gloves currently unavailable)
SustAt .         Harm     .     (boots currently unavailable)
MR     .....                    (no amulet)
Stlth  +.........               (no ring)
                                g - ring of fire

@: lethally poisoned (-11 -> -24), spider-form (expiring), very slightly
contaminated, not resistant to hostile enchantments, very unstealthy
A: unfitting armour, (cold-blooded), AC +5
a: End Transformation


You were on level 3 of the Dungeon.
You were near starving.
You were a venomous arachnid creature.
You visited 1 branch of the dungeon, and saw 3 of its levels.

You collected 132 gold pieces.

Inventory:

Missiles
 a - 36 arrows
 o - 7 javelins (quivered)
Jewellery
 g - a ring of fire (left front leg)
Wands
 u - a wand of digging (7/24)
Scrolls
 j - 5 scrolls of identify {unknown}
 l - 2 scrolls of remove curse {unknown}
 m - a scroll of recharging {unknown}
 n - a scroll of blinking {unknown}
 r - 2 scrolls of teleportation {unknown}
Potions
 d - a potion of flight
 q - 2 potions of magic {unknown}
Books
 b - a book of Changes

   Spells                             Type                      Level
   a - Beastly Appendage              Transmutation                1
   b - Sticks to Snakes               Transmutation                2
   c - Spider Form                    Transmutation/Poison         3
   d - Ice Form                       Ice/Transmutation            4
   e - Blade Hands                    Transmutation                5
Comestibles
 c - 3 bread rations
 t - 2 meat rations


   Skills:
 - Level 1.1 Fighting
 - Level 1.7 Dodging
 + Level 4.5 Unarmed Combat
 - Level 2.0 Spellcasting
 + Level 4.2 Transmutations


You had 2 spell levels left.
You knew the following spells:

 Your Spells              Type           Power        Failure   Level  Hunger
a - Beastly Appendage     Tmut           ##....       14%         1    ##.....
b - Sticks to Snakes      Tmut           ##......     24%         2    ###....
c - Spider Form           Tmut/Pois      #.........   52%         3    ####...


Dungeon Overview and Level Annotations

Branches:
Dungeon (3/15)

Altars:
Qazlal

Annotations:
D:3 Crazy Yiuf


Innate Abilities, Weirdness & Mutations

((Your plain brown scales are hard. (AC +5)))
Your body does not fit into most forms of armour.
((You are cold-blooded and may be slowed by cold attacks.))


Message History

Crazy Yiuf is moderately wounded.
You feel sick.
You hit Crazy Yiuf.
Crazy Yiuf looks as sick as possible!
Crazy Yiuf is moderately wounded.
You feel sick. Crazy Yiuf barely misses you.
You hit Crazy Yiuf.
Crazy Yiuf is heavily wounded.
You feel sick. Crazy Yiuf barely misses you.
You hit Crazy Yiuf.
Crazy Yiuf looks as sick as possible!
Crazy Yiuf is severely wounded.
You feel sick.
Crazy Yiuf hits you with a quarterstaff of chaos.
You feel your power leaking away.
You hit Crazy Yiuf but do no damage.
Crazy Yiuf looks as sick as possible!
Crazy Yiuf is severely wounded.
You feel sick.
Crazy Yiuf hits you with a quarterstaff of chaos!
* * * LOW HITPOINT WARNING * * *
You are electrocuted!
You die...

#.# #.............#
#.. #.#
#.......#####.# #..
#.###.##....# #.#
#####..
#....######## ###
#...##. ######
###.#..
♣♣♣♣♣###.....
#####♣♣♣.♣.......#..
#...#♣..♣.PP...#.###
#.gs'.♣♣♣♣PP.....# #
#)..#♣♣ ♣♣......# #
##### ♣♣###### # #
### #### #.. #..#
#.. #.## #.. #.# #..


You could see Crazy Yiuf.

Vanquished Creatures
  Terence (D:3)
  Ijyb (D:2)
  6 adders
  A worm (D:2)
  3 dart slugs
  2 giant geckos
  5 bats
  A giant cockroach (D:2)
  9 goblins
  5 hobgoblins
  A quokka (D:2)
  3 giant newts
  10 kobolds
  8 rats
56 creatures vanquished.

Vanquished Creatures (collateral kills)
  A goblin (D:2)
  A kobold (D:3)
2 creatures vanquished.

Grand Total: 58 creatures vanquished

Notes
Turn   | Place    | Note
-------+----------+-------------------------------------------
     0 | D:1      | HAL9000 the Draconian Transmuter began the quest for the Orb.
     0 | D:1      | Reached XP level 1. HP: 16/16 MP: 3/3
   122 | D:1      | Reached XP level 2. HP: 21/23 MP: 3/5
   492 | D:2      | Learned a level 2 spell: Sticks to Snakes
   757 | D:2      | Reached XP level 3. HP: 26/28 MP: 6/6
  1259 | D:2      | Noticed Ijyb
  1277 | D:2      | Killed Ijyb
  1277 | D:2      | Reached XP level 4. HP: 24/35 MP: 0/7
  1373 | D:2      | Learned a level 3 spell: Spider Form
  1632 | D:3      | Found a runed door.
  1810 | D:3      | Noticed Terence
  2101 | D:3      | Found a stormy altar of Qazlal.
  2266 | D:3      | Reached XP level 5. HP: 40/40 MP: 6/8
  2354 | D:3      | Killed Terence
  2633 | D:3      | Noticed Crazy Yiuf
  2644 | D:3      | Mangled by Crazy Yiuf

Vault maps used:
D:1:      shiori_arrival_oz, minmay_tetromino_o2
D:2:      kennysheep_the_goblin_king, first_bread
D:3:      nicolae_overflow_crystal_walls, uniq_terence, uniq_crazy_yiuf_cottage

Skill      XL: |  1  2  3  4 |
---------------+-------------+-----
Transmutations | 3 4 |  4.2
Unarmed Combat | 4 |  4.5
Fighting       | |  1.1
Dodging        | |  1.7
Spellcasting   | |  2.0

Action                   |  1- 3 |  4- 6 || total
-------------------------+-------+-------++-------
Melee: Unarmed           |   137 |    66 ||   203
       Kick              |    11 |     3 ||    14
       Headbutt          |    11 |     5 ||    16
       Tailslap          |    12 |     8 ||    20
       Punch             |     2 |       ||     2
 Cast: Beastly Appendage |    21 |    10 ||    31
       Sticks to Snakes  |     2 |     3 ||     5
       Spider Form       |       |     1 ||     1
  Use: Potion            |     3 |       ||     3
 Stab: Sleeping          |     1 |       ||     1
  Eat: Chunk             |     1 |     3 ||     4
       Pizza             |       |     1 ||     1
Armor: Skin              |    50 |    19 ||    69
Dodge: Dodged            |    89 |    44 ||   133
